 Dungeon Crawl Stone Soup version 0.27.1-3-gb3d3a73c9e (webtiles) character file.

Game seed: 5636025882323730404

2520 Urokeeper the Sneak (level 9, -4/60 (69) HPs)
             Began as a Human Brigand on Oct 5, 2021.
             Slain by a wight (10 damage)
             ... on level 7 of the Dungeon.
             The game lasted 00:51:10 (9587 turns).

Urokeeper the Sneak (Human Brigand)                 Turns: 9587, Time: 00:51:11

HP:   -4/60 (69)    AC:  9    Str: 11    XL:     9   Next: 83%
MP:   9/9           EV: 14    Int: 12    God:
Gold: 292           SH:  0    Dex: 18    Spells: 8/8 levels left

rFire    . . .     SeeInvis +   H - +2 dagger (venom)
rCold    . . .     Faith    .   (no shield)
rNeg     . . .     Spirit   .   L - +1 leather armour {Will+}
rPois    .         Reflect  .   (no helmet)
rElec    .         Harm     .   c - +0 cloak
rCorr    .         Rampage  .   (no gloves)
Will     +....                  (no boots)
Stlth    ++++......             j - amulet of magic regeneration
HPRegen  0.20/turn              I - ring of see invisible
MPRegen  0.36/turn              E - +4 ring of protection

@: heavily drained
A: no striking features
a: no special abilities


You were on level 7 of the Dungeon.
You visited 2 branches of the dungeon, and saw 8 of its levels.

You collected 292 gold pieces.

Inventory:

Hand Weapons
 a - a +2 dagger
 d - a +1 short sword of venom
 e - a +1 dagger of electrocution
 p - a +1 short sword of freezing
 z - a +0 dagger of venom
 A - a +1 dagger of venom
 H - a +2 dagger of venom (weapon)
Missiles
 B - 31 poisoned darts (quivered)
 F - 2 curare-tipped darts
Armour
 c - a +0 cloak (worn)
 s - a +0 leather armour
 u - a +1 robe of cold resistance
 L - a +1 leather armour of willpower (worn)
Jewellery
 b - a ring of flight
 j - an amulet of magic regeneration (around neck)
 E - a +4 ring of protection (right hand)
 I - a ring of see invisible (left hand)
Wands
 o - a wand of polymorph (8)
 w - a wand of acid (22)
 J - a wand of paralysis (19)
Scrolls
 f - a scroll of immolation {unknown}
 h - a scroll of fog {unknown}
 l - a scroll of blinking {unknown}
 n - a scroll of identify
 t - 3 scrolls of amnesia
 v - a scroll of silence {unknown}
 x - a scroll of fear {unknown}
 y - a scroll of enchant weapon
 C - a scroll of vulnerability {unknown}
 G - a scroll of noise
Potions
 g - 2 potions of mutation
 i - 2 potions of cancellation
 k - 2 potions of degeneration {unknown}
 m - a potion of brilliance
 q - a potion of heal wounds
 K - a potion of magic {unknown}


   Skills:
 + Level 5.9 Fighting
 + Level 6.0 Short Blades
 + Level 5.9 Throwing
 + Level 5.5 Dodging
 + Level 7.3 Stealth


You had 8 spell levels left.
You didn't know any spells.
Your spell library contained the following spells:

 Spells                   Type           Power      Damage    Failure   Level
 Alistair's Intoxication  Tmut/Pois      0%         N/A       100%        5
 Borgnjor's Vile Clutch   Necr/Erth      0%         N/A       100%        5
 Eringya's Noxious Bog    Tmut/Pois      0%         N/A       100%        6


Dungeon Overview and Level Annotations

Branches:
Dungeon (7/15)             Temple (1/1) D:7

Altars:
Ashenzari
Cheibriados
Dithmenos
Elyvilon
Fedhas
Gozag
Hepliaklqana
Kikubaaqudgha
Makhleb
Nemelex Xobeh
Okawaru
Qazlal
Ru
Sif Muna
Trog
Uskayaw
Vehumet
Wu Jian
Xom
Yredelemnul
Zin
The Shining One

Annotations:
D:7 2 transporters


Message History

The wight hits you with a +0 scimitar!
You feel drained.
You closely miss the wight. The wight barely misses you.
You hit the wight but do no damage. You hit the wight.
The wight is lightly damaged.
The wight closely misses you.
You hit the wight.
The wight is lightly damaged.
The wight misses you.
You hit the wight but do no damage.
The wight is lightly damaged.
The wight hits you with a +0 scimitar!
You feel drained.
You barely miss the wight.
The wight is lightly damaged.
You hit the wight but do no damage.
The wight is lightly damaged.
The wight hits you with a +0 scimitar.
You feel drained.
You hit the wight.
The wight is moderately damaged.
The wight hits you with a +0 scimitar!
You feel drained.
You hit the wight but do no damage.
The wight is moderately damaged.
You hit the wight.
The wight is moderately damaged.
The wight barely misses you.
You hit the wight.
The wight is moderately damaged.
The wight hits you with a +0 scimitar!
* * * LOW HITPOINT WARNING * * *
You closely miss the wight.
The wight is moderately damaged.
You hit the wight but do no damage.
The wight is moderately damaged.
The wight hits you with a +0 scimitar.
* * * LOW HITPOINT WARNING * * *
You feel drained.
You hit the wight.
The wight is heavily damaged.
The wight hits you with a +0 scimitar!
You die...

......####....### #.#......._....
......#.........# #.#,,,.........
......#.........# #.#,,,,........
......#.........###.###**#.....#*
........).............# #.....#
#####..........)......# ##.....#
#.................# #.##.###
#.......###)).....###....#
#..)....# #.@z........####
#.).....# ##.##'####### #)......#
#..#.# ********** ####)......#
##.#.# *,,,.,,,,,
#..........#####...# *....,,,,,
#.###########......####....,,,,,
#.# #..............,,,,, #.#
#.....>........,,,,, #.#
#..............,,,,,


You could see a wight.

Vanquished Creatures
  An unseen horror (D:7)
  A sky beast (D:7)
  2 necrophages
  2 black bears
  2 ogres
  2 centaurs
  2 bullfrogs (D:7)
  2 scorpions
  A water moccasin skeleton (D:4)
  8 wights
  A bullfrog zombie (D:5)
  2 gnoll shamans
  2 hounds
  2 jellies
  4 orc priests
  Jessica (D:2)
  A bullfrog skeleton (D:4)
  3 iguanas
  4 orc wizards
  A mummy (D:7)
  Robin (D:4)
  8 gnolls
  A howler monkey skeleton (D:6)
  3 adders
  A white imp (D:5)
  An ufetubus (D:5)
  An adder skeleton (D:4)
  4 worms
  A dart slug (D:4)
  23 orcs
  10 endoplasms
  5 giant cockroaches
  13 goblins
  9 hobgoblins
  11 jackals
  13 kobolds
  4 quokkas
  7 ball pythons
  2 bats
  2 frilled lizards (D:1)
  5 rats
169 creatures vanquished.

Vanquished Creatures (others)
  4 fungi (D:4)
4 creatures vanquished.

Grand Total: 173 creatures vanquished

Notes
Turn   | Place    | Note
-------+----------+-------------------------------------------
     0 | D:1      | Urokeeper the Human Brigand began the quest for the Orb.
     0 | D:1      | Reached XP level 1. HP: 16/16 MP: 1/1
    38 | D:1      | Found a faded altar of an unknown god.
   101 | D:1      | Reached XP level 2. HP: 20/22 MP: 2/2
   216 | D:1      | Reached XP level 3. HP: 21/27 MP: 3/3
  1392 | D:2      | Reached XP level 4. HP: 34/34 MP: 4/4
  1884 | D:2      | Noticed Jessica
  1889 | D:2      | Killed Jessica
  2191 | D:3      | Reached XP level 5. HP: 36/39 MP: 5/5
  2625 | D:4      | Noticed Robin
  3013 | D:3      | Reached XP level 6. HP: 33/47 MP: 6/6
  3417 | D:4      | Reached skill level 5 in Stealth
  3725 | D:4      | Found an opulent altar of Gozag.
  4263 | D:3      | Reached XP level 7. HP: 47/52 MP: 7/7
  4516 | D:4      | Killed Robin
  4972 | D:4      | Found a stormy altar of Qazlal.
  4974 | D:4      | Found a bloodstained altar of Trog.
  4979 | D:4      | Found a shimmering blue altar of Sif Muna.
  4982 | D:4      | Found a hazy altar of Hepliaklqana.
  5030 | D:5      | Entered Level 5 of the Dungeon
  5364 | D:5      | Reached XP level 8. HP: 57/60 MP: 8/8
  6196 | D:6      | Noticed a wraith
  6357 | D:6      | Reached skill level 6 in Stealth
  7161 | D:6      | Reached skill level 5 in Short Blades
  7487 | D:6      | Found a glowing golden altar of the Shining One.
  7496 | D:6      | Reached skill level 5 in Throwing
  7496 | D:6      | Reached XP level 9. HP: 67/67 MP: 9/9
  7616 | D:6      | Paralysed by a kobold for 6 turns
  7811 | D:7      | Reached skill level 5 in Fighting
  8272 | D:7      | Reached skill level 5 in Dodging
  8305 | D:7      | Found a staircase to the Ecumenical Temple.
  8363 | Temple   | Entered the Ecumenical Temple
  8894 | D:7      | Reached skill level 7 in Stealth
  9170 | D:7      | Found a basalt altar of Yredelemnul.
  9170 | D:7      | Found a sparkling altar of Nemelex Xobeh.
  9170 | D:7      | Found a shadowy altar of Dithmenos.
  9373 | D:7      | Noticed a two-headed ogre
  9375 | D:7      | Found a transporter.
  9375 | D:7      | Noticed a boulder beetle
  9376 | D:7      | Noticed a two-headed ogre
  9386 | D:7      | Found a transporter.
  9423 | D:7      | Noticed an unseen horror
  9437 | D:7      | Killed an unseen horror
  9535 | D:7      | Found a snail-covered altar of Cheibriados.
  9587 | D:7      | Slain by a wight

Illustrated notes

Levels and vault maps discovered:
D:1:      lightli_molten_gateway, layout_basic, chequers_ecumenical_altar_twisty
D:2:      layout_basic, uniq_jessica
D:3:      layout_rooms
D:4:      layout_rooms, mainiacjoe_overflow_boulevard, minitemple, uniq_robin
D:5:      layout_loops_corners, kennysheep_generic_room_9
D:6:      layout_basic, kennysheep_little_box, minmay_misc_feat_cross,
          kb_rosetta
D:7:      layout_basic, slow_altar_1, gammafunk_temple_overflow_arena,
          minmay_temple_entry_hall
Temple:   minmay_temple_bridge_abc

Skill      XL: |  1  2  3  4  5  6  7  8  9 |
---------------+----------------------------+-----
Dodging        | 2 3 4 5 |  5.5
Throwing       | 3 4 5 |  5.9
Short Blades   | 3 4 5 6 |  6.0
Fighting       | 3 4 5 |  5.9
Stealth        | 5 6 7 |  7.3

Action                   |  1- 3 |  4- 6 |  7- 9 || total
-------------------------+-------+-------+-------++-------
Melee: Dagger            |    98 |    46 |   290 ||   434
       Short sword       |    15 |    94 |       ||   109
Throw: Dart              |    19 |    15 |    51 ||    85
       Boomerang         |       |    51 |    62 ||   113
       Throwing net      |       |       |     3 ||     3
  Use: Scroll            |     1 |     2 |     8 ||    11
       Potion            |       |       |     4 ||     4
 Stab: Sleeping          |     4 |     3 |     9 ||    16
       Held in net/web   |       |       |     2 ||     2
Armor: Robe              |    42 |    37 |     4 ||    83
       Leather armour    |       |     1 |    57 ||    58
Dodge: Dodged            |    89 |   132 |   168 ||   389
